 Dungeon Crawl Stone Soup version 0.27.1-34-g3ba077fa99 (webtiles) character file.

Game seed: 15096162199367656841

33 styxcanada the Sneak (level 3, -2/18 HPs)
             Began as a Spriggan Brigand on Jan 10, 2022.
             Slain by Terence (11 damage)
             ... on level 2 of the Dungeon.
             The game lasted 00:03:29 (781 turns).

styxcanada the Sneak (Spriggan Brigand)              Turns: 781, Time: 00:03:29

Health: -2/18      AC:  3    Str:  7    XL:     3   Next: 12%
Magic:  4/4        EV: 16    Int: 12    God:
Gold:   51         SH:  0    Dex: 17    Spells: 2/2 levels left

rFire    . . .     SeeInvis +   a - +2 dagger
rCold    . . .     Faith    .   (shield restricted)
rNeg     . . .     Spirit   .   b - +0 robe
rPois    .         Reflect  .   (helmet restricted)
rElec    .         Harm     .   c - +0 cloak
rCorr    .         Rampage  .   (gloves unavailable)
Will     .....                  (boots unavailable)
Stlth    ++++......             (no amulet)
HPRegen  0.06/turn              (no ring)
MPRegen  0.09/turn              (no ring)

@: very quick
A: very small, no large weapons, unfitting armour, see invisible, speed 3
a: no special abilities


You were on level 2 of the Dungeon.
You visited 1 branch of the dungeon, and saw 2 of its levels.

You collected 51 gold pieces.

Inventory:

Hand Weapons
 a - a +2 dagger (weapon)
Missiles
 d - 8 poisoned darts (quivered)
 e - 2 curare-tipped darts
 k - 38 stones
Armour
 b - a +0 robe (worn)
 c - a +0 cloak (worn)
Scrolls
 f - a scroll of enchant armour {unknown}
 h - 2 scrolls of immolation {unknown}
 j - 2 scrolls of identify {unknown}
 l - a scroll of amnesia {unknown}
 m - a scroll of teleportation {unknown}
Potions
 g - a potion of heal wounds {unknown}
 i - a potion of brilliance {unknown}


   Skills:
 * Level 1.7 Fighting
 + Level 2.4 Short Blades
 + Level 2.1 Throwing
 * Level 1.5 Dodging
 * Level 7.1 Stealth


You had 2 spell levels left.
You didn't know any spells.
Your spell library was empty.

Dungeon Overview and Level Annotations

Branches:
Dungeon (2/15)

Altars:

Annotations:
D:2 Terence


Innate Abilities, Weirdness & Mutations

You are very small and have problems with some larger weapons.
You are too small for most types of armour.
You have supernaturally acute eyesight. (SInv)
You cover ground extremely quickly. (Speed+++)


Message History

You start resting.
A rat is nearby!
The rat closely misses you.
You hit the rat.
You kill the rat!
You see here a rat corpse.
There is a stone staircase leading down here.
You now have 51 gold pieces (gained 15).
k - 21 stones (gained 13)
You start resting.
HP restored.
Found 17 stones.
k - 38 stones (gained 17) Done exploring.
(D) Dungeon
Where to? (? - help)
What level of the Dungeon? (default 1, ? - help)
There is a stone staircase leading down here.
You climb downwards.
Found a mace.
There is a stone staircase leading up here.
A kobold is nearby!
A worm comes into view.
The helpless kobold fails to defend itself.
You impale the kobold!!
You kill the kobold!
You see here a +0 dagger.
Found 5 gold pieces.
Terence the Incautious comes into view.
He is wielding a +0 flail.
Found 7 gold pieces.
Found 13 gold pieces.
A giant cockroach comes into view.
You see here 5 gold pieces.
Terence shouts!
You hit Terence but do no damage. Terence misses you.
You hit Terence but do no damage. Terence hits you with a +0 flail!
Ouch! That really hurt!
You hit Terence but do no damage. Terence hits you with a +0 flail!
Ouch! That really hurt!
You die...

.#. ....... .....#
....... . ...#.
....... $. #.#..#
....... ...#...#.
.......
......#..#..$....
#..#..#.@B.....
#....#.@.......
##...#$.#.####.. # .
#...#..#..# .### ..
#...#...# ##.... ...
#..#..#.# ##..w.#
....
#.#..#..###..##.#..#
#........)...##....#
...##########...<..#
.### #..####.)#


You could see Terence and a giant cockroach.

Vanquished Creatures
  A dart slug (D:1)
  4 endoplasms (D:1)
  2 giant cockroaches (D:1)
  4 goblins (D:1)
  2 hobgoblins (D:1)
  5 kobolds
  2 quokkas (D:1)
  A ball python (D:1)
  2 frilled lizards (D:1)
  3 rats (D:1)
26 creatures vanquished.

Notes
Turn   | Place    | Note
-------+----------+-------------------------------------------
     0 | D:1      | styxcanada the Spriggan Brigand began the quest for the
                  | Orb.
     0 | D:1      | Reached XP level 1. HP: 10/10 MP: 2/2
    19 | D:1      | Reached skill level 6 in Stealth
   196 | D:1      | Reached XP level 2. HP: 15/15 MP: 3/3
   347 | D:1      | Found a faded altar of an unknown god.
   561 | D:1      | Reached skill level 7 in Stealth
   561 | D:1      | Reached XP level 3. HP: 10/18 MP: 4/4
   772 | D:2      | Noticed Terence
   781 | D:2      | Slain by Terence

Illustrated notes

Levels and vault maps discovered:
D:1:      dpeg_arrival_rooms_with_view, layout_basic, basic_ecumenical_altar
D:2:      layout_rooms, basic_altar, minmay_misc_feat_diagonals, uniq_terence

Skill      XL: |  1  2 |
---------------+-------+-----
Stealth        | 6 7 |  7.1
Fighting       | |  1.7
Short Blades   | |  2.4
Throwing       | |  2.1
Dodging        | |  1.5

Action                   || total
-------------------------++-------
Melee: Dagger            ||    73
Throw: Dart              ||    10
 Stab: Sleeping          ||     6
Armor: Robe              ||     3
Dodge: Dodged            ||    42
